 Dungeon Crawl Stone Soup version 0.29.1-1-gd02db6906a (webtiles) character file.

Game seed: 1126572849363192091

379 LustLizard the Trooper (level 6, -2/48 HPs)
             Began as a Demonspawn Fighter on Oct 6, 2022.
             Slain by a water moccasin (7 damage)
             ... in a sewer.
             The game lasted 00:06:00 (3730 turns).

LustLizard the Trooper (Demonspawn Fighter)         Turns: 3730, Time: 00:06:01

Health: -2/48      AC:  6    Str: 16    XL:     6   Next: 45%
Magic:  6/6        EV:  9    Int: 16    God:
Gold:   187        SH:  4    Dex: 14    Spells: 5/5 levels left

rFire   . . .      SeeInvis .   a - +0 long sword
rCold   . . .      Faith    .   c - +0 buckler
rNeg    . . .      Spirit   .   b - +0 scale mail
rPois   .          Reflect  .   (no helmet)
rElec   .          Harm     .   (no cloak)
rCorr   .          Rampage  .   (no gloves)
Will    .....                   (no boots)
Stlth   ..........              (no amulet)
HPRegen 0.16/turn               s - +6 ring of intelligence
MPRegen 0.10/turn               (no ring)

@: mighty, lethally poisoned (-2 -> -4)
A: ignite blood 1, weakness stinger 1, demonic touch 1
a: no special abilities


You were in a sewer.
You visited 1 branch of the dungeon, and saw 5 of its levels.
You also visited: Sewer.

You collected 187 gold pieces.

Inventory:

Hand Weapons
 a - a +0 long sword (weapon)
Missiles
 e - 14 poisoned darts (quivered)
 l - 20 stones
 n - 6 boomerangs
Armour
 b - a +0 scale mail (worn)
 c - a +0 buckler (worn)
 u - the +6 scale mail of Lesser Demons {Will- Str+4}
   (You found it on level 4 of the Dungeon)

   Str:       It affects your strength (+4).
   Will:      It decreases your willpower.
Jewellery
 s - a +6 ring of intelligence (left hand)
Wands
 m - a wand of roots (15)
Scrolls
 f - 4 scrolls of identify
 g - 2 scrolls of teleportation {unknown}
 h - 2 scrolls of torment {unknown}
 i - 2 scrolls of noise {unknown}
 p - a scroll of silence {unknown}
 q - a scroll of immolation {unknown}
 r - a scroll of enchant armour {unknown}
 t - a scroll of magic mapping {unknown}
Potions
 j - a potion of flight
 k - 2 potions of lignification
 v - a potion of magic


   Skills:
 + Level 4.0 Fighting
 * Level 3.9 Long Blades
 * Level 3.2 Throwing
 - Level 2.6 Armour
 + Level 2.0 Dodging
 - Level 2.6 Shields


You had 5 spell levels left.
You didn't know any spells.
Your spell library contained the following spells:

 Spells                   Type           Power      Damage    Failure   Level
 Summon Small Mammal      Summ           0%         N/A       77%         1
 Call Canine Familiar     Summ           0%         N/A       98%         3
 Summon Guardian Golem    Hex/Summ       0%         N/A       98%         3


Dungeon Overview and Level Annotations

Branches:
Dungeon (5/15)              Sewer (1/1)
 Temple: D:4-7

Altars:
Yredelemnul

Annotations:
D:3 3 runed translucent doors, Icepheonix32's ghost, amateur MfTm
D:5 3 runed translucent doors, Icepheonix32's ghost, novice TeAE


Innate Abilities, Weirdness & Mutations

Your demonic aura sometimes causes spilled blood to erupt in flames.
You have a small tail.
Your touch may inflict minor irresistible damage on your foes.


Message History

You see here a jackal corpse.
A water moccasin comes into view.
Found 27 gold pieces.
The water moccasin hisses angrily.
You hit the water moccasin.
The water moccasin is lightly wounded.
The water moccasin barely misses you. The water moccasin bites you.
You miss the water moccasin.
The water moccasin is lightly wounded.
The water moccasin bites you!
You closely miss the water moccasin.
Your tail-slap misses the water moccasin.
The water moccasin is lightly wounded.
The water moccasin bites you. The water moccasin bites you!
You slash the water moccasin!
Your tail-slap misses the water moccasin.
The water moccasin is moderately wounded.
The water moccasin bites you. x2
You are poisoned.
The water moccasin poisons you!
You miss the water moccasin.
The water moccasin is moderately wounded.
You feel very sick.
The water moccasin bites you but does no damage.
The water moccasin bites you!
* * * LOW HITPOINT WARNING * * *
You feel very mighty all of a sudden.
You feel sick.
The water moccasin bites you but does no damage.
You slash the water moccasin!
Your tail-slap misses the water moccasin.
The water moccasin is almost dead.
You feel sick. You block the water moccasin's attack.
The water moccasin closely misses you.
You completely miss the water moccasin.
Your tail-slap misses the water moccasin.
The water moccasin is almost dead.
You feel sick. The water moccasin closely misses you.
The water moccasin bites you!
You die...

#.....#
#~.~..##
#...#...#
#~.###..##
#... #~..#
#..# ##~.#
#.~ #~.#
#. #~.#
##@~#
#.S.#
#~.##
#~..#
.....##
#...~.#
##~.~##
#~.~ ~#~#


You could see a water moccasin.

Vanquished Creatures
  2 scorpions (D:5)
  A water moccasin zombie (D:3)
  An iguana (D:5)
  An orc wizard (D:5)
  6 adders
  An adder zombie (D:3)
  5 worms
  2 dart slugs (D:1)
  3 orcs (D:5)
  7 endoplasms
  3 giant cockroaches (D:5)
  6 goblins
  7 hobgoblins
  10 jackals
  4 quokkas
  5 ball pythons (D:1)
  2 bats (D:2)
  3 frilled lizards (D:1)
  4 kobolds
  6 rats
79 creatures vanquished.

Notes
Turn   | Place    | Note
-------+----------+-------------------------------------------
     0 | D:1      | LustLizard the Demonspawn Fighter began the quest for the
                  | Orb.
     0 | D:1      | Reached XP level 1. HP: 18/18 MP: 1/1
   533 | D:1      | Discovered your monstrous ancestry.
   533 | D:1      | Gained mutation: Your touch may inflict minor irresistible
                  | damage on your foes. [demonic ancestry]
   533 | D:1      | Reached XP level 2. HP: 21/24 MP: 2/2
   860 | D:1      | Reached skill level 1 in Throwing
  1071 | D:1      | Gained mutation: You have a small tail. [demonic ancestry]
  1071 | D:1      | Reached XP level 3. HP: 28/29 MP: 3/3
  1257 | D:1      | Found a faded altar of an unknown god.
  1993 | D:2      | Reached skill level 1 in Dodging
  2247 | D:3      | Reached XP level 4. HP: 33/35 MP: 4/4
  2659 | D:3      | Found a runed translucent gate.
  2659 | D:3      | Found a runed translucent gate.
  2659 | D:3      | Found a runed translucent gate.
  2659 | D:3      | Noticed Icepheonix32's ghost (amateur MfTm)
  2661 | D:3      | Found a basalt altar of Yredelemnul.
  2679 | D:3      | Gained mutation: Your demonic aura sometimes causes spilled
                  | blood to erupt in flames. [demonic ancestry]
  2679 | D:3      | Reached XP level 5. HP: 31/41 MP: 5/5
  3015 | D:4      | Identified the +6 scale mail of Lesser Demons {Will- Str+4}
  3163 | D:4      | You fall into a shaft and drop 1 floor!
  3163 | D:5      | Entered Level 5 of the Dungeon
  3200 | D:5      | Found a runed translucent gate.
  3200 | D:5      | Found a runed translucent gate.
  3201 | D:5      | Found a runed translucent gate.
  3202 | D:5      | Noticed Icepheonix32's ghost (novice TeAE)
  3202 | D:5      | Noticed an ice beast
  3301 | D:5      | Reached skill level 4 in Fighting
  3301 | D:5      | Reached XP level 6. HP: 31/48 MP: 6/6
  3547 | D:5      | Found a glowing drain.
  3551 | Sewer    | Entered a sewer
  3719 | Sewer    | Noticed a water moccasin
  3730 | Sewer    | Slain by a water moccasin

Illustrated notes

Levels and vault maps discovered:
D:1:      mushboom_english_gardens, layout_basic,
          hellmonk_ecumenical_altar_heavens_door
D:2:      layout_basic
D:3:      layout_rooms, nicolae_yredelemnul_ghost_church
D:4:      layout_layer_cave, mainiacjoe_overflow_alcove_2,
          mainiacjoe_overflow_brackets, lemuel_doored_altar
D:5:      cheibrodos_fzero, layout_rooms, old_standard_altar,
          nicolae_wu_jian_glorious_leap, minmay_temple_entry_poolview,
          gammafunk_ghost_split, gup_sewer_entry_spiral
Sewer:    sewer_the_moccasin

Skill      XL: |  1  2  3  4  5 |
---------------+----------------+-----
Long Blades    | 2 3 |  3.9
Throwing       | 1 2 3 |  3.2
Dodging        | 1 2 |  2.0
Fighting       | 4 |  4.0
Armour         | |  2.6
Shields        | |  2.6

Action                   |  1- 3 |  4- 6 || total
-------------------------+-------+-------++-------
Melee: Long sword        |   136 |   137 ||   273
       Tailslap          |     7 |    18 ||    25
  Use: Scroll            |     2 |     3 ||     5
       Potion            |       |     4 ||     4
Armor: Scale mail        |    49 |    60 ||   109
Dodge: Dodged            |    66 |    58 ||   124
Block: Buckler           |    32 |    23 ||    55
